 Dungeon Crawl Stone Soup version 0.28-a0-381-g937acc2988 (webtiles) character file.

Game seed: 18378780154338050963

138 jdzakarian the Poker (level 5, -10/42 HPs)
             Began as a Human Berserker on Sept 2, 2021.
             Was a Believer of Trog.
             Mangled by Edmund (18 damage)
             ... on level 4 of the Dungeon.
             The game lasted 00:13:24 (2827 turns).

jdzakarian the Poker (Human Berserker)              Turns: 2827, Time: 00:13:24

Health: -10/42     AC: -9    Str: 17    XL:     5   Next: 45%
Magic:  5/5        EV: 11    Int:  8    God:    Trog [**....]
Gold:   130        SH:  0    Dex: 13    Spells: 4/4 levels left

rFire   + . .      SeeInvis .   a - +0 spear
rCold   x . .      Faith    .   (no shield)
rNeg    . . .      Spirit   .   d - +0 ring mail
rPois   +          Reflect  .   (no helmet)
rElec   .          Harm     .   b - +0 cloak
rCorr   .          Rampage  .   (no gloves)
Will    ++...                   (no boots)
Stlth   +.........              (no amulet)
HPRegen 1.14/turn               f - ring of poison resistance
MPRegen 0.09/turn               i - ring of fire

@: strong-willed, corroded, regenerating, hasted, very quick
A: no striking features
a: Renounce Religion, Berserk, Trog's Hand


You were on level 4 of the Dungeon.
You worshipped Trog.
Trog was pleased with you.
You visited 1 branch of the dungeon, and saw 4 of its levels.

You collected 130 gold pieces.

Inventory:

Hand Weapons
 a - a +0 spear (weapon)
Missiles
 c - 13 bolts
 e - 96 stones (quivered)
Armour
 b - a +0 cloak (worn)
 d - a +0 ring mail (worn)
Jewellery
 f - a ring of poison resistance (left hand)
 i - a ring of fire (right hand)
Scrolls
 h - a scroll of silence


   Skills:
 + Level 3.8 Fighting
 + Level 4.3 Polearms
 + Level 2.7 Armour
 + Level 2.8 Dodging
 + Level 0.1 Stealth


You had 4 spell levels left.
You didn't know any spells.
Your spell library contained the following spells:

 Spells                   Type           Power      Damage    Failure   Level
 Sandblast                Erth           0%         2d4       61%         1
 Passwall                 Tmut/Erth      0%         N/A       75%         2
 Frozen Ramparts          Ice            0%         1d2       93%         3
 Ice Form                 Ice/Tmut       0%         N/A       100%        4
 Summon Ice Beast         Ice/Summ       0%         N/A       100%        4
 Lee's Rapid Deconstruct  Erth           0%         3d5*      100%        5


Dungeon Overview and Level Annotations

Branches:
Dungeon (4/15)
 Temple: D:4-7

Altars:
Ashenzari
Qazlal
Trog
Yredelemnul

Annotations:
D:4 Edmund


Message History

a +0 dagger; a goblin corpse You see here a +0 dagger.
There is a broken altar of Ashenzari here.
You kneel at the altar of Ashenzari.
You kneel at the altar of Ashenzari.
You kneel at the altar of Ashenzari.
Okay, then.
HP restored.
Found a war axe.
A jelly comes into view.
The jelly quivers.
You hit the jelly.
Your hands burn!
The jelly is lightly wounded.
The jelly hits you. The acid corrodes you!
You are splashed with acid.
You hit the jelly.
Your hands burn!
The jelly is lightly wounded.
The jelly hits you.
You are splashed with acid.
You hit the jelly. The acid corrodes you!
Your hands burn!
The jelly is moderately wounded.
You hit the jelly but do no damage. The acid corrodes you!
Your hands burn!
The jelly is moderately wounded.
The jelly barely misses you.
You hit the jelly but do no damage. The acid corrodes you!
Your hands burn!
* * * LOW HITPOINT WARNING * * *
The jelly is moderately wounded.
The jelly hits you.
* * * LOW HITPOINT WARNING * * *
You are splashed with acid!
* * * LOW HITPOINT WARNING * * *
You feel yourself speed up. The jelly closely misses you.
Edmund the Younger comes into view.
He is wielding a +3 dire flail of holy wrath and wearing a +1 leather armour of fire resistance.
Edmund shouts!
Okay, then.
Your skin crawls.
You feel strong-willed.
You hit Edmund but do no damage. Edmund closely misses you.
You barely miss Edmund. You hit Edmund but do no damage.
Edmund hits you with a +3 dire flail of holy wrath!!
You die...

...####....###.#
................>#
#.##.........##.#
+.........##.#
#.........##.#
+.........##.#
#.........##.#
#.).......##@#
#.........##@#
###.########.# #J#
###.#### #.#
#......#
#.######......#
#..J.J........#
###############


You could see Edmund.

Vanquished Creatures
  A hound (D:4)
  A bullfrog skeleton (D:4)
  3 adders (D:3)
  2 dart slugs (D:1)
  5 bats
  5 endoplasms
  A giant cockroach (D:2)
  7 goblins
  5 hobgoblins
  3 jackals
  A quokka (D:2)
  5 ball pythons
  4 frilled lizards
  3 kobolds
  5 rats
51 creatures vanquished.

Notes
Turn   | Place    | Note
-------+----------+-------------------------------------------
     0 | D:1      | jdzakarian the Human Berserker began the quest for the Orb.
     0 | D:1      | Reached XP level 1. HP: 18/18 MP: 1/1
   180 | D:1      | Reached XP level 2. HP: 24/24 MP: 2/2
   659 | D:1      | Reached XP level 3. HP: 24/29 MP: 3/3
  1017 | D:2      | Reached ** piety under Trog
  1557 | D:3      | Found a basalt altar of Yredelemnul.
  1927 | D:3      | Reached XP level 4. HP: 31/35 MP: 4/4
  2245 | D:3      | Found a stormy altar of Qazlal.
  2311 | D:3      | Found a faded altar of an unknown god.
  2615 | D:3      | Found a bloodstained altar of Trog.
  2653 | D:4      | Reached skill level 4 in Polearms
  2653 | D:4      | Reached XP level 5. HP: 42/42 MP: 5/5
  2659 | D:4      | Found a broken altar of Ashenzari.
  2803 | D:4      | HP: 2/42 [acid (7)]
  2820 | D:4      | Noticed Edmund
  2827 | D:4      | Mangled by Edmund

Illustrated notes

Levels and vault maps discovered:
D:1:      minmay_arrival_jagged, layout_basic, serial_glass, glass_columns_a,
          glass_columns_c, minmay_3d_cube
D:2:      layout_basic
D:3:      layout_rooms, mainiacjoe_overflow_six_doors_small,
          amethyst_overflow_temple_binary,
          shapermc_ecumenical_altar_mp_highgroup
D:4:      layout_basic, cheibrodos_ashenzari_chains, uniq_edmund

Skill      XL: |  1  2  3  4 |
---------------+-------------+-----
Polearms       | 4 |  4.3
Fighting       | |  3.8
Armour         | |  2.7
Dodging        | |  2.8
Stealth        | |  0.1

Action                   |  1- 3 |  4- 6 || total
-------------------------+-------+-------++-------
Melee: Spear             |   125 |    95 ||   220
Invok: Berserk           |     1 |     1 ||     2
       Trog's Hand       |       |     1 ||     1
  Use: Potion            |     4 |     1 ||     5
       Scroll            |     7 |     1 ||     8
Armor: Animal skin       |     1 |       ||     1
       Ring mail         |    38 |    32 ||    70
Dodge: Dodged            |    82 |    45 ||   127

Table legend: (Time is in decaauts)
 A = Elapsed time spent in this place.
 B = Non-inter-level travel time spent in this place.
 C = Inter-level travel time spent in this place.
 D = Time resting spent in this place.
 E = Time spent auto-exploring this place.
 F = Levels seen in this place.
 G = Mean time per level.
                   A        B        C        D        E       F      G
               +--------+--------+--------+--------+--------+-----+--------+
         Total |   2812 |   2812 |      0 |    135 |   1786 |   4 |  703.0 |
       Dungeon |   2812 |   2812 |      0 |    135 |   1786 |   4 |  703.0 |
               +--------+--------+--------+--------+--------+-----+--------+

Top non-repeatable levels by time:
     D:3: 1084 daAuts
     D:1: 936 daAuts
     D:2: 614 daAuts
     D:4: 176 daAuts
